 Dungeon Crawl Stone Soup version 0.28-a0-653-g7e9dba17c3 (webtiles) character file.

Game seed: 3103073157369205632

4454 MacCMillion the Magician (level 10, 0/74 HPs)
             Began as a Gnoll Venom Mage on Oct 12, 2021.
             Was an Initiate of Okawaru.
             Slain by a wolf (8 damage)
             ... on level 1 of the Lair of Beasts.
             The game lasted 00:53:43 (14655 turns).

MacCMillion the Magician (Gnoll Venom Mage)        Turns: 14655, Time: 00:53:43

Health: 0/74       AC:  4    Str: 11    XL:     10   Next: 37%
Magic:  15/21      EV: 15    Int: 15    God:    Okawaru [......]
Gold:   48         SH:  0    Dex: 18    Spells: 14/23 levels left

rFire   . . .      SeeInvis .   b - +5 mace of Death {pain, rPois}
rCold   . . .      Faith    .   (no shield)
rNeg    + . .      Spirit   .   s - +1 leather armour {rN+}
rPois   +          Reflect  .   (no helmet)
rElec   .          Harm     .   (no cloak)
rCorr   .          Rampage  .   (no gloves)
Will    .....                   (no boots)
Stlth   +++.......              (no amulet)
HPRegen 0.22/turn               F - +6 ring of dexterity
MPRegen 0.17/turn               (no ring)

@: no status effects
A: fangs 1, strong nose, distributed training
a: Renounce Religion


You were on level 1 of the Lair of Beasts.
You worshipped Okawaru.
Okawaru was noncommittal.
You visited 3 branches of the dungeon, and saw 11 of its levels.

You collected 389 gold pieces.
You spent 341 gold pieces at shops.

Inventory:

Hand Weapons
 a - a +5 dagger of venom
 b - the +5 mace of Death (weapon) {pain, rPois}
   (You bought it in a shop on level 8 of the Dungeon)

   In the hands of one skilled in necromantic magic, it inflicts extra damage on
   living creatures.
   rPois:     It protects you from poison.
 p - a +2 vorpal mace
 q - a +2 mace of draining
 r - a +2 trident of flaming
Missiles
 h - 5 atropa-tipped darts
Armour
 s - a +1 leather armour of positive energy (worn)
 x - +0 acid dragon scales
 D - a +0 robe of cold resistance
Jewellery
 t - an amulet of guardian spirit
 F - a +6 ring of dexterity (left hand)
Wands
 w - a wand of acid (9)
Scrolls
 d - 3 scrolls of fear
 e - 7 scrolls of immolation
 g - a scroll of torment
 j - 2 scrolls of amnesia
 l - 2 scrolls of silence
 m - a scroll of fog {unknown}
 n - 4 scrolls of magic mapping
 o - a scroll of blinking
 v - a scroll of enchant armour
 y - a scroll of noise
 z - a scroll of holy word {unknown}
 A - a scroll of enchant weapon
 B - a scroll of brand weapon {unknown}
 C - 2 scrolls of teleportation
 E - 2 scrolls of vulnerability {unknown}
Potions
 c - 2 potions of heal wounds
 f - 2 potions of lignification
 i - a potion of invisibility {unknown}
 k - 2 potions of mutation
 u - a potion of brilliance {unknown}
 G - a potion of ambrosia {unknown}
 H - 5 potions of attraction


   Skills:
 + Level 5.2 Fighting
 + Level 5.2 Short Blades
 + Level 5.2 Long Blades
 + Level 5.2 Axes
 + Level 5.2 Maces & Flails
 + Level 5.2 Polearms
 + Level 5.2 Staves
 + Level 5.2 Slings
 + Level 5.2 Bows
 + Level 5.2 Crossbows
 + Level 5.2 Throwing
 + Level 5.2 Armour
 + Level 7.0 Dodging
 + Level 6.7 Stealth
 + Level 5.2 Shields
 + Level 5.2 Unarmed Combat
 + Level 7.3 Spellcasting
 + Level 4.3 Conjurations
 + Level 4.3 Hexes
 + Level 4.3 Summonings
 + Level 4.3 Necromancy
 + Level 4.3 Translocations
 + Level 4.8 Transmutations
 + Level 4.3 Fire Magic
 + Level 4.3 Ice Magic
 + Level 4.3 Air Magic
 + Level 4.3 Earth Magic
 + Level 7.0 Poison Magic
 + Level 5.7 Invocations
 + Level 5.2 Evocations


You had 14 spell levels left.
You knew the following spells:

 Your Spells              Type           Power      Damage    Failure   Level
b - Poisonous Vapours     Pois/Air       44%        N/A       2%          2
c - Mephitic Cloud        Conj/Pois/Air  21%        N/A       6%          3
d - Olgreb's Toxic Radia  Pois           26%        N/A       9%          4

Your spell library contained the following spells:

 Spells                   Type           Power      Damage    Failure   Level
 Sting                    Tmut/Pois      92%        1d7       1%          1
 Foxfire                  Conj/Fire      72%        2x1d7     2%          1
 Sublimation of Blood     Necr           9%         N/A       4%          2
 Conjure Flame            Conj/Fire      18%        6-21      9%          3
 Dazzling Flash           Conj/Hex       36%        N/A       9%          3
 Inner Flame              Hex/Fire       18%        N/A       9%          3
 Petrify                  Tmut/Erth      19%        N/A       24%         4
 Flame Wave               Conj/Fire      18%        3d5       28%         4
 Iskenderun's Mystic Bla  Conj/Tloc      18%        2d6       28%         4
 Irradiate                Conj/Tmut      9%         3d16      56%         5
 Starburst                Conj/Fire      9%         6d5       99%         6
 Orb of Destruction       Conj           9%         9d4       100%        7
 Summon Guardian Golem    Hex/Summ       Unusable   N/A       N/A         3
 Spellforged Servitor     Conj/Summ      Unusable   N/A       N/A         7

Dungeon Overview and Level Annotations

Branches:
Dungeon (9/15)             Temple (1/1) D:4            Lair (1/6) D:8
    Orc: D:9-12

Altars:
Ashenzari
Cheibriados
Dithmenos
Elyvilon
Fedhas
Kikubaaqudgha
Makhleb
Nemelex Xobeh
Okawaru
Ru
Sif Muna
Trog
Uskayaw
Vehumet
Wu Jian
Xom
Yredelemnul
Zin
The Shining One

Shops:
D:2 ?=*   D:8 *

Annotations:
D:3 1 runed translucent door, Crazy Yiuf
D:5 exclusion: phantom


Innate Abilities, Weirdness & Mutations

You have very sharp teeth.
Your uncanny sense of smell can sniff out nearby items.
Your experience applies equally to all skills.


Message History

Casting: Olgreb's Toxic Radiance (dangerous; 9% risk of failure)
Confirm with . or Enter, or press ? or * to list all spells.
You begin to radiate toxic energy.
The wolf looks even sicker. x3
The cane toad stings you.
Unknown command.
Unknown command.
Your toxic aura wanes.
The cane toad stings you.
You hit the cane toad.
The cane toad writhes in agony.
The cane toad is moderately wounded.
The wolf bites you. x2; The cane toad barely misses you.
You hit the cane toad. Your bite misses the cane toad.
The cane toad is heavily wounded.
The wolf looks more healthy.
The wolf closely misses you. The cane toad misses you.
The wolf closely misses you.
You hit the cane toad but do no damage.
The cane toad writhes in agony.
The cane toad is severely wounded.
The wolf misses you. The cane toad misses you. The wolf misses you.
The cane toad misses you.
You sock the cane toad! Your bite misses the cane toad.
The cane toad is almost dead.
The wolf misses you. The cane toad stings you!!
* * * LOW HITPOINT WARNING * * *
The wolf bites you.
* * * LOW HITPOINT WARNING * * *
Press: ? - help, v - describe, . - travel
Here: a cane toad (almost dead)
The floor, spattered with blood.
You feel much better. The cane toad barely misses you.
Unknown command.
You closely miss the cane toad.
The cane toad is almost dead.
The cane toad closely misses you. The wolf barely misses you.
The cane toad stings you!!
* * * LOW HITPOINT WARNING * * *
Unknown command.
You barely miss the cane toad.
The cane toad is almost dead.
The wolf misses you. The wolf bites you!
You die...

* ******,,,*,,,,,*,*,,,,** *
*..*,*,*,*,,,#.,** **
*#.,,,,,*,#...#>* ,***
#...#...#...#..# ,,,**
**##....#.#.#.....# ,,,,*
**,,..#.#.#.......+####
,,,****,,,,....#.#..........#####
,,,,**,,,..,#.#.#h....#.....'..P#
,,,,,,,*,....#..@#h#h#(.....##...
,,,*****,.......#F#.#.#.....#####
,,,* *,......#.#h....#....# #
,,,* *,##...#.#.#.#.#.##### ,,,**
***#....###.###..# *,*,* #P###*
### #### ***** ##*


You could see a cane toad and 2 wolves.

Vanquished Creatures
  Maggie (D:8)
  2 komodo dragons (D:8)
  Prince Ribbit (D:5)
  Eustachio (D:5)
  Grum (D:8)
  Menkaure (D:4)
  3 water moccasins (D:6)
  2 ice beasts
  2 orc warriors (D:7)
  5 sky beasts
  6 ogres
  2 necrophages (D:6)
  2 wolves (D:8)
  A phantom (D:5)
  A gnoll sergeant (D:8)
  3 bullfrogs
  3 howler monkeys
  A centaur zombie (D:8)
  2 jellies (D:6)
  2 bullfrog skeletons
  2 centaur skeletons
  2 iguanas (D:5)
  9 orc wizards
  A mummy (D:8)
  4 gnolls (D:8)
  6 adders
  2 white imps
  3 worms
  A dart slug (D:1)
  27 orcs
  12 ball pythons
  5 bats
  10 endoplasms
  2 giant cockroaches (D:2)
  A goblin (D:1)
  3 hobgoblins (D:4)
  6 jackals
  10 kobolds
  4 quokkas
  7 rats
159 creatures vanquished.

Notes
Turn   | Place    | Note
-------+----------+-------------------------------------------
     0 | D:1      | MacCMillion the Gnoll Venom Mage began the quest for the
                  | Orb.
     0 | D:1      | Reached XP level 1. HP: 13/13 MP: 6/6
   171 | D:1      | Reached XP level 2. HP: 18/19 MP: 2/7
   174 | D:1      | Learned a level 2 spell: Poisonous Vapours
   571 | D:1      | Found a faded altar of an unknown god.
  1081 | D:1      | Reached XP level 3. HP: 25/25 MP: 7/9
  1439 | D:2      | Reached skill level 5 in Spellcasting
  1659 | D:2      | Reached skill level 1 in Invocations
  1712 | D:2      | Reached skill level 1 in Fighting
  1712 | D:2      | Reached skill level 1 in Short Blades
  1712 | D:2      | Reached skill level 1 in Long Blades
  1712 | D:2      | Reached skill level 1 in Axes
  1712 | D:2      | Reached skill level 1 in Maces & Flails
  1712 | D:2      | Reached skill level 1 in Polearms
  1712 | D:2      | Reached skill level 1 in Staves
  1712 | D:2      | Reached skill level 1 in Slings
  1712 | D:2      | Reached skill level 1 in Bows
  1712 | D:2      | Reached skill level 1 in Crossbows
  1712 | D:2      | Reached skill level 1 in Throwing
  1712 | D:2      | Reached skill level 1 in Armour
  1712 | D:2      | Reached skill level 1 in Shields
  1712 | D:2      | Reached skill level 1 in Unarmed Combat
  1712 | D:2      | Reached skill level 1 in Evocations
  1898 | D:2      | Found Ommewy's Assorted Antiques.
  2053 | D:2      | Reached XP level 4. HP: 32/32 MP: 1/11
  2390 | D:2      | Found Tirpheeg's Jewellery Boutique.
  2449 | D:2      | Found Hikkor's Magic Scroll Shoppe.
  3310 | D:3      | Reached skill level 1 in Conjurations
  3310 | D:3      | Reached skill level 1 in Hexes
  3310 | D:3      | Reached skill level 1 in Summonings
  3310 | D:3      | Reached skill level 1 in Necromancy
  3310 | D:3      | Reached skill level 1 in Translocations
  3310 | D:3      | Reached skill level 1 in Fire Magic
  3310 | D:3      | Reached skill level 1 in Ice Magic
  3310 | D:3      | Reached skill level 1 in Air Magic
  3310 | D:3      | Reached skill level 1 in Earth Magic
  3479 | D:3      | Reached XP level 5. HP: 37/37 MP: 9/12
  3844 | D:3      | Found a runed translucent door.
  3853 | D:3      | Noticed Crazy Yiuf
  3961 | D:4      | Noticed an ogre
  4094 | D:4      | Noticed an ogre
  4131 | D:4      | Killed an ogre
  4258 | D:4      | Reached XP level 6. HP: 44/44 MP: 3/13
  4291 | D:4      | Reached skill level 5 in Dodging
  4547 | D:4      | Found a hide-covered altar of Uskayaw.
  4675 | D:4      | Noticed Menkaure
  5138 | D:4      | Killed Menkaure
  5139 | D:4      | Reached XP level 7. HP: 11/50 MP: 15/15
  5453 | D:4      | Found a staircase to the Ecumenical Temple.
  5561 | Temple   | Entered the Ecumenical Temple
  6053 | D:5      | Entered Level 5 of the Dungeon
  6092 | D:5      | Noticed Prince Ribbit
  6126 | D:5      | Killed Prince Ribbit
  6127 | D:5      | Reached skill level 5 in Stealth
  6287 | D:5      | Noticed Eustachio
  6313 | D:5      | Killed Eustachio
  6418 | D:5      | Reached XP level 8. HP: 55/57 MP: 16/16
  6550 | D:5      | Learned a level 3 spell: Mephitic Cloud
  6555 | D:5      | Learned a level 4 spell: Olgreb's Toxic Radiance
  7579 | D:5      | Found a shimmering altar of Xom.
  7579 | D:5      | Found a glowing silver altar of Zin.
  7585 | D:5      | Found an iron altar of Okawaru.
  8243 | D:6      | Found a bloodstained altar of Trog.
  8243 | D:6      | Found an ornate altar of the Wu Jian Council.
  8244 | D:6      | Found a basalt altar of Yredelemnul.
  8296 | D:6      | Reached XP level 9. HP: 49/65 MP: 9/18
  8390 | D:6      | Found a radiant altar of Vehumet.
 11582 | D:7      | Reached skill level 5 in Invocations
 12375 | D:8      | Found a staircase to the Lair.
 12443 | D:8      | Noticed Grum
 12461 | D:8      | Killed Grum
 12462 | D:8      | Reached XP level 10. HP: 58/73 MP: 11/20
 12622 | D:8      | Noticed Maggie
 12653 | D:8      | Killed Maggie
 12654 | D:8      | Reached skill level 5 in Fighting
 12654 | D:8      | Reached skill level 5 in Short Blades
 12654 | D:8      | Reached skill level 5 in Long Blades
 12654 | D:8      | Reached skill level 5 in Axes
 12654 | D:8      | Reached skill level 5 in Maces & Flails
 12654 | D:8      | Reached skill level 5 in Polearms
 12654 | D:8      | Reached skill level 5 in Staves
 12654 | D:8      | Reached skill level 5 in Slings
 12654 | D:8      | Reached skill level 5 in Bows
 12654 | D:8      | Reached skill level 5 in Crossbows
 12654 | D:8      | Reached skill level 5 in Throwing
 12654 | D:8      | Reached skill level 5 in Armour
 12654 | D:8      | Reached skill level 5 in Shields
 12654 | D:8      | Reached skill level 5 in Unarmed Combat
 12654 | D:8      | Reached skill level 5 in Evocations
 12929 | D:8      | Found an ancient bone altar of Kikubaaqudgha.
 13108 | D:8      | Found a snail-covered altar of Cheibriados.
 13232 | D:8      | Found Nanak's Assorted Antiques.
 13775 | D:5      | Became a worshipper of Warmaster Okawaru
 13871 | D:8      | Bought a scroll labelled HOOFEPETEU for 31 gold pieces
 13871 | D:8      | Bought a blackened mace for 248 gold pieces
 13871 | D:8      | Identified the +5 mace of Death {pain, rPois} (You bought
                  | it in a shop on level 8 of the Dungeon)
 13871 | D:8      | Bought a scroll labelled ALAP WYMAAWNUTE for 31 gold pieces
 13871 | D:8      | Bought a scroll labelled RAUPUL KOIRIT for 31 gold pieces
 13908 | Lair:1   | Entered Level 1 of the Lair of Beasts
 14641 | Lair:1   | Noticed a cane toad
 14655 | Lair:1   | Slain by a wolf

Illustrated notes

Levels and vault maps discovered:
D:1:      dpeg_arrival_water_temple_mockup, layout_loops_ring,
          hellmonk_ecumenical_altar_blasted
D:2:      layout_loops_cross, serial_shops, shop, nicolae_shop_behind_doors,
          nicolae_square_shop, st_stairs_10
D:3:      layout_loops_corners, hangedman_decor_points,
          hangedman_decor_diamond_cutter, minmay_misc_feat_pillars,
          uniq_crazy_yiuf_cottage
D:4:      layout_cave_pools, nicolae_uskayaw_dance_hall,
          minmay_temple_entry_sparse_star, kennysheep_generic_room_15,
          uniq_menkaure
D:5:      layout_gridville, nicolae_overflow_hidden_temple, uniq_prince_ribbit1,
          uniq_eustachio
D:6:      layout_loops_corners, nicolae_overflow_quartered_altars,
          minmay_stone_trees_small, dk_noncrumbling_4
D:7:      layout_rooms
D:8:      layout_basic, kiku_gazebo_pond_becter, slow_altar_1, lair_entry_dummy,
          serial_shops, shop, uniq_grum, uniq_maggie
D:9:      layout_big_octagon, mainiacjoe_overflow_brackets, hiddenorc2_lemuel,
          uniq_psyche
Temple:   nicolae_temple_figure_zero
Lair:1:   layout_roguey, gammafunk_ghost_icy, minivault_23,
          nzn_masters_of_martial_movement, serial_bayou_shore_a

Skill      XL: |  1  2  3  4  5  6  7  8  9 10 |
---------------+-------------------------------+-----
Transmutations | 2 3 4 |  4.8
Spellcasting   | 5 6 7 |  7.3
Invocations    | 1 2 3 4 5 |  5.7
Fighting       | 1 2 3 4 5 |  5.2
Short Blades   | 1 2 3 4 5 |  5.2
Long Blades    | 1 2 3 4 5 |  5.2
Axes           | 1 2 3 4 5 |  5.2
Maces & Flails | 1 2 3 4 5 |  5.2
Polearms       | 1 2 3 4 5 |  5.2
Staves         | 1 2 3 4 5 |  5.2
Slings         | 1 2 3 4 5 |  5.2
Bows           | 1 2 3 4 5 |  5.2
Crossbows      | 1 2 3 4 5 |  5.2
Throwing       | 1 2 3 4 5 |  5.2
Armour         | 1 2 3 4 5 |  5.2
Shields        | 1 2 3 4 5 |  5.2
Unarmed Combat | 1 2 3 4 5 |  5.2
Evocations     | 1 2 3 4 5 |  5.2
Conjurations   | 1 2 3 4 |  4.3
Hexes          | 1 2 3 4 |  4.3
Summonings     | 1 2 3 4 |  4.3
Necromancy     | 1 2 3 4 |  4.3
Translocations | 1 2 3 4 |  4.3
Fire Magic     | 1 2 3 4 |  4.3
Ice Magic      | 1 2 3 4 |  4.3
Air Magic      | 1 2 3 4 |  4.3
Earth Magic    | 1 2 3 4 |  4.3
Dodging        | 5 6 7 |  7.0
Stealth        | 5 6 |  6.7
Poison Magic   | 6 7 |  7.0

Action                   |  1- 3 |  4- 6 |  7- 9 | 10-12 || total
-------------------------+-------+-------+-------+-------++-------
Melee: Unarmed           |     2 |     2 |       |       ||     4
       Dagger            |    13 |    43 |   201 |    40 ||   297
       Bite              |     1 |     4 |    21 |     3 ||    29
       Punch             |       |       |     3 |     3 ||     6
       Mace              |       |       |       |     7 ||     7
 Cast: Sting             |    42 |    36 |    53 |     3 ||   134
       Poisonous Vapours |    12 |    29 |    84 |    17 ||   142
       Olgreb's Toxic Ra |       |       |     6 |     4 ||    10
       Mephitic Cloud    |       |       |     2 |     2 ||     4
  Use: Scroll            |       |       |     3 |    11 ||    14
       Potion            |       |       |     1 |     1 ||     2
 Stab: Sleeping          |       |     1 |       |     2 ||     3
Armor: Robe              |     7 |     2 |       |       ||     9
       Leather armour    |       |     1 |    66 |     7 ||    74
Dodge: Dodged            |    12 |    17 |   134 |    30 ||   193

Table legend: (Time is in decaauts)
 A = Elapsed time spent in this place.
 B = Non-inter-level travel time spent in this place.
 C = Inter-level travel time spent in this place.
 D = Time resting spent in this place.
 E = Time spent auto-exploring this place.
 F = Levels seen in this place.
 G = Mean time per level.
                   A        B        C        D        E       F      G
               +--------+--------+--------+--------+--------+-----+--------+
         Total |  14624 |  13925 |    699 |   5282 |   6326 |  11 | 1329.5 |
       Dungeon |  14404 |  13705 |    699 |   5282 |   6161 |   9 | 1600.4 |
        Temple |    123 |    123 |      0 |      0 |    113 |   1 |  123.0 |
          Lair |     95 |     95 |      0 |      0 |     52 |   1 |   95.0 |
               +--------+--------+--------+--------+--------+-----+--------+

Top non-repeatable levels by time:
     D:6: 2888 daAuts
     D:8: 2430 daAuts
     D:3: 1833 daAuts
     D:5: 1683 daAuts
     D:4: 1574 daAuts
     D:1: 1380 daAuts
     D:7: 1375 daAuts
     D:2: 1236 daAuts
  Temple: 123 daAuts
  Lair:1: 95 daAuts
     D:9: 1 daAuts
